cohdb
Replays
Latest Replays
All Replays
Popular Replays
Top Player Replays
Match Explorer
How It Works
Community
CoH3 Stats
Reddit
Sign in to upload your games and track your stats! →
Sign in with Steam
Match 45607808
Unlisted
Match 45607808
Overview
Messages
Build Orders
End
Royal Engineer Section
Construct Section Command Post
Infantry Section
Selects Canadian Shock Battlegroup
Infantry Section
Infantry Section
Construct Platoon Command Post
Selects Attacking Spirit
Selects Incendiary Munitions
Humber Armored Car
6-pounder Anti-tank Gun Team
Infantry Training
6-pounder Anti-tank Gun Team
Grenade Package
Selects Pyrotechnics
6-pounder Anti-tank Gun Team
nub
oziligath
Evelynn
Bogdan Boner: Egzorcysta
0
0
Comments
sign in to comment!
No comments posted yet!